 Dungeon Crawl Stone Soup version 0.26.1-10-gdfb7c7de75 (webtiles) character file.

Game seed: 7456165638198085743

314 Eitelfritz the Slasher (level 6, -15/53 HPs)
             Began as a Hill Orc Fighter on Apr 10, 2021.
             Demolished by a kobold
             ... wielding a +1 dagger of electrocution
              (18 damage)
             ... on level 3 of the Dungeon.
             The game lasted 00:06:32 (2788 turns).

Eitelfritz the Slasher (Hill Orc Fighter)           Turns: 2788, Time: 00:06:32

Health: -15/53     AC:  9    Str: 21    XL:     6   Next: 43%
Magic:  6/6        EV:  8    Int:  8    God:
Gold:   135        SH:  9    Dex: 10    Spells: 5/5 levels left

rFire    . . .     SeeInvis .   a - +0 long sword
rCold    . . .     Faith    .   c - +0 kite shield
rNeg     . . .     Spirit   .   b - +0 scale mail
rPois    .         Reflect  .   d - +0 helmet
rElec    .         Harm     .   l - +0 cloak
rCorr    .         Rampage  .   (no gloves)
Will     .....                  (no boots)
Stlth    ..........             (no amulet)
HPRegen  0.17/turn              (no ring)
MPRegen  0.10/turn              (no ring)

@: hasted, very quick
A: no striking features
a: no special abilities


You were on level 3 of the Dungeon.
You visited 1 branch of the dungeon, and saw 3 of its levels.

You collected 135 gold pieces.

Inventory:

Hand Weapons
 a - a +0 long sword (weapon)
 x - a +0 flail
Missiles
 p - 6 curare-tipped darts (quivered)
 r - 33 stones
 v - 10 poisoned darts
Armour
 b - a +0 scale mail (worn)
 c - a +0 kite shield (worn)
 d - a +0 helmet (worn)
 l - a +0 cloak (worn)
Jewellery
 e - an uncursed amulet of faith {unknown}
 f - an uncursed ring of willpower {unknown}
Scrolls
 g - a scroll of remove curse {unknown}
 j - a scroll of enchant weapon {unknown}
 k - a scroll of fear {unknown}
 m - 2 scrolls of teleportation {unknown}
 o - a scroll of blinking {unknown}
 u - 2 scrolls of identify {unknown}
Potions
 h - 2 potions of heal wounds {unknown}
 n - a potion of invisibility {unknown}
 q - 2 potions of attraction {unknown}
 s - a potion of flight {unknown}
 t - a potion of curing {unknown}
 w - 2 potions of mutation {unknown}


   Skills:
 + Level 4.6 Fighting
 + Level 5.0 Long Blades
 + Level 4.2 Armour
 + Level 0.7 Dodging
 + Level 0.3 Stealth
 + Level 4.5 Shields


You had 5 spell levels left.
You didn't know any spells.
Your spell library was empty.

Dungeon Overview and Level Annotations

Branches:
Dungeon (3/15)

Altars:
Ru


Message History

The kobold hits you with a +1 dagger of electrocution. x2
You closely miss the kobold. The kobold hits you but does no damage.
You are electrocuted!
You hit the kobold but do no damage.
The kobold hits you with a +1 dagger of electrocution.
You closely miss the kobold.
The kobold hits you with a +1 dagger of electrocution.
You are electrocuted!
You hit the kobold.
The kobold is moderately wounded.
The kobold hits you with a +1 dagger of electrocution.
You are electrocuted!
* * * LOW HITPOINT WARNING * * *
The kobold closely misses you.
You riposte.
You barely miss the kobold.
The kobold is moderately wounded.
You feel yourself speed up.
The kobold hits you with a +1 dagger of electrocution.
* * * LOW HITPOINT WARNING * * *
You are electrocuted!!
You die...

..........................
......#....................##.
......#............#######....
..........................##...
...†............##..#..........
....(.†..K†......##<.######...S.
.......####..##...#..#####
#....# .......#
##..###.##.)...## #.. ......##
##.rK@.........### # .....##
#####.#.####....### # #....#
###.....##).#...### ......
...>...).)#.......# ######
####....#.......†..
#....#######...# #....# #...#
###### #####


You could see a quokka and a kobold.

Vanquished Creatures
  3 orc wizards (D:3)
  Jessica (D:2)
  Natasha (twice) (D:2)
  6 adders (D:2)
  4 worms
  A leopard gecko (D:3)
  7 orcs (D:3)
  2 ball pythons
  5 giant cockroaches
  6 goblins
  7 hobgoblins
  2 jackals (D:3)
  2 quokkas
  7 bats
  3 frilled lizards
  8 kobolds
  4 rats
70 creatures vanquished.

Vanquished Creatures (others)
  An orc wizard (D:3)
1 creature vanquished.

Grand Total: 71 creatures vanquished

Notes
Turn   | Place    | Note
-------+----------+-------------------------------------------
     0 | D:1      | Eitelfritz the Hill Orc Fighter began the quest for the
                  | Orb.
     0 | D:1      | Reached XP level 1. HP: 19/19 MP: 1/1
   362 | D:1      | Reached XP level 2. HP: 15/27 MP: 2/2
   979 | D:2      | Reached XP level 3. HP: 33/33 MP: 3/3
   994 | D:2      | Noticed Jessica
  1006 | D:2      | Killed Jessica
  1257 | D:2      | Reached XP level 4. HP: 32/40 MP: 4/4
  1282 | D:2      | Reached skill level 3 in Long Blades
  1524 | D:2      | Noticed Natasha
  1530 | D:2      | Killed Natasha
  1688 | D:2      | Noticed Natasha
  1696 | D:2      | Killed Natasha
  1697 | D:2      | Reached skill level 4 in Long Blades
  1697 | D:2      | Reached XP level 5. HP: 41/46 MP: 5/5
  1762 | D:2      | Found a sacrificial altar of Ru.
  2544 | D:3      | Reached XP level 6. HP: 53/53 MP: 6/6
  2745 | D:3      | Reached skill level 5 in Long Blades
  2788 | D:3      | Demolished by a kobold

Illustrated notes

Levels and vault maps discovered:
D:1:      sevenhm_arrival_forest_fort_small_6, layout_loops_cross
D:2:      layout_loops_ring, nicolae_ru_great_annihilating_truth, uniq_natasha,
          uniq_jessica
D:3:      layout_rooms, lemuel_round_altar, minivault_26

Skill      XL: |  1  2  3  4  5  6 |
---------------+-------------------+-----
Fighting       | 4 |  4.6
Long Blades    | 4 5 |  5.0
Shields        | 4 |  4.5
Armour         | 4 |  4.2
Dodging        | |  0.7
Stealth        | |  0.3

Action                   |  1- 3 |  4- 6 || total
-------------------------+-------+-------++-------
Melee: Long sword        |   100 |   176 ||   276
  Use: Potion            |       |     2 ||     2
 Stab: Paralysed         |       |     2 ||     2
Armor: Scale mail        |    33 |    77 ||   110
Dodge: Dodged            |    27 |    39 ||    66
Block: Kite shield       |    68 |    79 ||   147
       Rpst.: Long sword |     7 |    16 ||    23
